 Dungeon Crawl Stone Soup version 0.28-b1-1-g3c77fb2ed1 (webtiles) character file.

Game seed: 17060629740061270231

346 GordonOverkill the Conjurer (level 6, -2/48 HPs)
             Began as a Mummy Wanderer on Jan 30, 2022.
             Was an Initiate of Gozag.
             Slain by an ogre (31 damage)
             ... on level 3 of the Dungeon.
             The game lasted 00:15:22 (6609 turns).

GordonOverkill the Conjurer (Mummy Wanderer)        Turns: 6609, Time: 00:15:22

Health: -2/48      AC:  5    Str: 13    XL:     6   Next: 32%
Magic:  11/11      EV: 11    Int: 12    God:    Gozag
Gold:   177        SH:  0    Dex: 15    Spells: 4/12 levels left

rFire   x . .      SeeInvis .   a - +0 dagger
rCold   + . .      Faith    .   (no shield)
rNeg    + + +      Spirit   .   c - +0 leather armour
rPois   ∞          Reflect  .   (no helmet)
rElec   .          Harm     .   b - +1 cloak
rCorr   .          Rampage  .   (no gloves)
Will    .....                   (no boots)
Stlth   ++........              (no amulet)
HPRegen 0.16/turn               (no ring)
MPRegen 0.12/turn               (no ring)

@: no status effects
A: cold resistance 1, negative energy resistance 3, torment resistance 2, heat
vulnerability 1, no potions
a: Renounce Religion, Potion Petition, Call Merchant, Bribe Branch


You were on level 3 of the Dungeon.
You worshipped Gozag.
Gozag was aware of your devotion.
You visited 1 branch of the dungeon, and saw 4 of its levels.
You also visited: Sewer.

You collected 237 gold pieces.
You paid 60 gold pieces to Gozag.

Inventory:

Hand Weapons
 a - a +0 dagger (weapon)
Armour
 b - a +1 cloak (worn)
 c - a +0 leather armour (worn)
Wands
 j - a wand of flame (22)
Scrolls
 d - 3 scrolls of teleportation
 e - a scroll of fog
 f - 2 scrolls of identify
 h - 2 scrolls of enchant weapon
 i - a scroll of magic mapping
 k - a scroll of immolation


   Skills:
 - Level 4.0 Fighting
 + Level 1.6 Armour
 - Level 1.5 Stealth
 + Level 3.8 Spellcasting
 * Level 4.4 Conjurations
 + Level 1.8 Fire Magic


You had 4 spell levels left.
You knew the following spells:

 Your Spells              Type           Power      Damage    Failure   Level
a - Magic Dart            Conj           52%        1d5       4%          1
b - Conjure Flame         Conj/Fire      9%         6-21      24%         3
c - Sticky Flame          Conj/Fire      9%         2d3       61%         4

Your spell library contained the following spells:

 Spells                   Type           Power      Damage    Failure   Level


Dungeon Overview and Level Annotations

Branches:
Dungeon (4/15)              Sewer (visited)
 Temple: D:4-7

Altars:
Gozag


Innate Abilities, Weirdness & Mutations

You are immune to poison.
Your flesh is cold resistant. (rC+)
You are immune to negative energy. (rN+++)
You are immune to unholy pain and torment.
You are vulnerable to heat. (rF-)
You do not drink.


Message History

The magic dart hits the quokka.
You kill the quokka!
Casting: Magic Dart (safe; 4% risk of failure)
Confirm with . or Enter, or press ? or * to list all spells.
You can't see any susceptible monsters within range! (Use Z to cast anyway.)
Casting: Magic Dart (safe; 4% risk of failure)
Confirm with . or Enter, or press ? or * to list all spells.
You can't see any susceptible monsters within range! (Use Z to cast anyway.)
Casting: Magic Dart (safe; 4% risk of failure)
Confirm with . or Enter, or press ? or * to list all spells.
You can't see any susceptible monsters within range! (Use Z to cast anyway.)
You start resting.
HP restored.
You start resting.
Magic restored.
There is a stone staircase leading down here.
You now have 177 gold pieces (gained 5).
You see here a +0 club.
There is an open door here.
There is a stone staircase leading down here.
You climb downwards.
The ogre shouts!
The ogre closely misses you.
There is a stone staircase leading up here.
Casting: Magic Dart (safe; 4% risk of failure)
Confirm with . or Enter, or press ? or * to list all spells.
Okay, then.
Unknown command.
The ogre hits you with a +0 giant spiked club.
You climb upwards.
There is a stone staircase leading down here.
The ogre hits you with a +0 giant spiked club!!
* * * LOW HITPOINT WARNING * * *
You see here a +0 dagger.
There is an open door here.
You see here a +0 club.
The ogre hits you with a +0 giant spiked club!!
Ouch! That really hurt!
You die...
Your body crumbles into a pile of gold.

........##............# #......
.........#....(.......# #......
.......#.#....##'###### #......
.......#......##.# #......
##.....##.....##.# #......
#.....##.....##'#####
####......
##...####.####..(...#
#......... #...####.## #......#
#......### #.........#
#.@....###......### #......)..#
#.O....##.........#
#.........###......##.#.#.....#
#...#####..##......##..##.#...#
##.## ##.##..........#..#...#
#...# #..#......#...##.....#
#...# ##.#......##.##....###
#8_8#######..#.######.......#
######....##.#.#######......###


You could see an ogre.

Vanquished Creatures
  A hound (D:4)
  Natasha (thrice) (D:2)
  10 adders
  6 river rats (Sewer)
  3 worms
  3 dart slugs
  An orc (D:3)
  15 bats
  5 endoplasms
  4 giant cockroaches
  4 hobgoblins
  2 jackals (Sewer)
  6 kobolds
  4 quokkas
  8 ball pythons
  3 frilled lizards
  6 goblins
  7 rats
91 creatures vanquished.

Notes
Turn   | Place    | Note
-------+----------+-------------------------------------------
     0 | D:1      | GordonOverkill the Mummy Wanderer began the quest for the
                  | Orb.
     0 | D:1      | GordonOverkill set off with the following items: a +0
                  | dagger, a +0 cloak, a +0 leather armour, a scroll of
                  | teleportation; and the following spell memorised: Magic
                  | Dart; and the following spells available to memorise:
                  | Conjure Flame, Sticky Flame
     0 | D:1      | Reached XP level 1. HP: 19/19 MP: 2/2
   412 | D:1      | Reached XP level 2. HP: 25/25 MP: 0/4
  1679 | D:1      | Reached XP level 3. HP: 30/30 MP: 0/6
  1737 | D:1      | Learned a level 3 spell: Conjure Flame
  2200 | D:2      | Noticed Natasha
  2290 | D:2      | Killed Natasha
  2291 | D:2      | Reached XP level 4. HP: 32/37 MP: 2/8
  2301 | D:2      | Noticed Natasha
  2386 | D:2      | Killed Natasha
  2580 | D:2      | Reached skill level 1 in Fire Magic
  2655 | D:2      | Noticed Natasha
  2667 | D:2      | Killed Natasha
  2776 | D:2      | Reached XP level 5. HP: 40/42 MP: 3/9
  2830 | D:2      | Learned a level 4 spell: Sticky Flame
  2974 | D:3      | Reached skill level 1 in Armour
  3322 | D:3      | Found a glowing drain.
  3376 | Sewer    | Entered a sewer
  4819 | Sewer    | Reached XP level 6. HP: 35/48 MP: 0/11
  5816 | D:3      | Found an opulent altar of Gozag.
  5871 | D:3      | Became a worshipper of Gozag Ym Sagoz the Greedy
  6609 | D:3      | Slain by an ogre

Illustrated notes

Levels and vault maps discovered:
D:1:      ncdulo_wetmaze, layout_basic, minmay_tetromino_s4
D:2:      layout_rooms, uniq_natasha
D:3:      layout_basic, grunt_gozag_breadcrumbs, gup_sewer_entry_bowl,
          minmay_misc_feat_square
D:4:      layout_basic, amcnicky_altar_gilded, serial_co_window_serial,
          co_window_of_opportunity_a, co_window_of_opportunity_a,
          co_window_cross_1, co_window_paths_a, co_window_paths_a,
          co_window_broadway_a, co_window_2corner, co_window_paths_c,
          co_window_broadway_c, glass_columns_c, glass_columns_b,
          glass_columns_a, glass_columns_a, glass_columns_a, corexii_shack,
          grunt_ministairs_14, guppyfry_shop_venom

Skill      XL: |  1  2  3  4  5 |
---------------+----------------+-----
Spellcasting   | 2 3 |  3.8
Conjurations   | 3 4 |  4.4
Fire Magic     | 1 |  1.8
Armour         | 1 |  1.6
Fighting       | |  4.0
Stealth        | |  1.5

Action                   |  1- 3 |  4- 6 || total
-------------------------+-------+-------++-------
Melee: Dagger            |     2 |    18 ||    20
       Punch             |       |     1 ||     1
 Cast: Magic Dart        |   104 |   224 ||   328
       Conjure Flame     |       |     2 ||     2
  Use: Scroll            |     1 |     9 ||    10
 Stab: Sleeping          |       |     3 ||     3
Armor: Leather armour    |    15 |    31 ||    46
Dodge: Dodged            |    22 |    84 ||   106
